[Event "January 2 Late 2024"]
[Site "https://www.chess.com"]
[Date "2024.01.02"]
[Round "10"]
[White "Rojas Alarcon, Julian Antonio"]
[Black "Grigoriants, Sergey"]
[Result "1/2-1/2"]
[Board "23"]
[TimeControl "180+1"]
[WhiteFideId "5107407"]
[BlackFideId "4130804"]
[WhiteElo "2668"]
[BlackElo "2932"]
[WhiteTeam "MEX"]
[BlackTeam "HUN"]
[WhiteClock "0:01:06"]
[BlackClock "0:00:04"]

1. c4 g6 2. g3 f5 3. Bg2 Nf6 4. Nc3 Bg7 5. d4 O-O 6. Nh3 e6 7. O-O Qe7 8. Nf4 d6 9. Re1 e5 10. dxe5 dxe5 11. Nfd5 Nxd5 12. Qxd5+ Kh8 13. h4 c6 14. Qd1 e4 15. Bg5 Qf7 16. Qb3 Be6 17. Rad1 Bxc4 18. Qa4 Na6 19. Rd6 Be5 20. Rd2 Nc7 21. Red1 Bd5 22. Bf1 a5 23. e3 b5 24. Qc2 Be6 25. Ne2 Bd5 26. Nf4 Rac8 27. b3 Kg7 28. Nxd5 Nxd5 29. a4 h6 30. Bf4 Bxf4 31. exf4 Qf6 32. Qc5 Qc3 33. Rc2 Qxc5 34. Rxc5 bxa4 35. bxa4 Rfd8 36. Ba6 Rc7 37. Bc4 Rdd7 38. Rxa5 Nc3 39. Rxd7+ Rxd7 40. Ra6 Rd1+ 41. Kg2 Rd2 42. Kf1 Rd1+ 43. Kg2 Rd2 44. Kf1 Rd1+ 45. Kg2 1/2-1/2

[Event "January 2 Late 2024"]
[Site "https://www.chess.com"]
[Date "2024.01.02"]
[Round "10"]
[White "Riff, Vincent"]
[Black "Yoo, Christopher Woojin"]
[Result "0-1"]
[Board "24"]
[TimeControl "180+1"]
[WhiteFideId "617776"]
[BlackFideId "30909694"]
[WhiteElo "2698"]
[BlackElo "2922"]
[WhiteTeam "FRA"]
[BlackTeam "USA"]
[WhiteClock "0:00:02"]
[BlackClock "0:01:45"]

1. e4 Nf6 2. e5 Nd5 3. d4 d6 4. Nf3 g6 5. Bc4 Nb6 6. Bb3 Bg7 7. h3 O-O 8. O-O Nc6 9. exd6 cxd6 10. c3 Bf5 11. Re1 e5 12. Bg5 Qc7 13. Nbd2 h6 14. Be3 Na5 15. dxe5 dxe5 16. Bxb6 axb6 17. Bc2 Be6 18. Qe2 Nc6 19. Bb3 Bxb3 20. axb3 f5 21. Nc4 e4 22. Nh2 Kh7 23. Ne3 Ne5 24. Nd5 Qc6 25. c4 Nd3 26. Rxa8 Rxa8 27. Rd1 Nxb2 28. Rb1 Nd3 29. Nf1 Qc5 30. Nfe3 Qd4 31. Nc7 Ra1 32. Rf1 Rxf1+ 33. Nxf1 Qa1 34. Ne6 Be5 35. g3 Qc1 36. Kg2 Ne1+ 37. Kg1 Kg8 38. Qe3 Qxe3 39. Nxe3 Nf3+ 40. Kg2 Nd4 41. Nxd4 Bxd4 42. Nd5 Kf7 43. f3 exf3+ 44. Kxf3 g5 45. g4 Ke6 46. Nc7+ Ke5 47. Nd5 fxg4+ 48. hxg4 Bc5 49. b4 Bd6 50. b5 Bc5 51. Nc7 Kd4 52. Kg3 Bd6+ 53. Kf3 Bxc7 0-1

[Event "January 2 Late 2024"]
[Site "https://www.chess.com"]
[Date "2024.01.02"]
[Round "10"]
[White "Kukhmazov, Arsen"]
[Black "Do Valle Cardoso, Lucas"]
[Result "1-0"]
[Board "25"]
[TimeControl "180+1"]
[WhiteFideId "24108260"]
[BlackFideId "2163144"]
[WhiteElo "2869"]
[BlackElo "2706"]
[WhiteTeam "FID"]
[BlackTeam "BRA"]
[WhiteClock "0:00:03"]
[BlackClock "0:00:00"]

1. d4 d5 2. c4 dxc4 3. e4 Nf6 4. e5 Nd5 5. Bxc4 Nb6 6. Bd3 Nc6 7. Be3 Nb4 8. Be4 N4d5 9. Nc3 c6 10. Nge2 Bg4 11. Qc2 e6 12. Ng3 Be7 13. h3 Nxe3 14. fxe3 Bh4 15. Qf2 Bh5 16. O-O O-O 17. Kh2 f5 18. Bf3 f4 19. exf4 Rxf4 20. Nce2 Rxf3 21. gxf3 Nd5 22. Qg1 Bg6 23. Ne4 Bf5 24. Nd6 Qf8 25. Rac1 Be7 26. Nxf5 Qxf5 27. Qg4 Qd3 28. Qxe6+ Kh8 29. Rf2 Rf8 30. Rg1 Qe3 31. Rfg2 g6 32. Qg4 Rxf3 33. Ng3 Bg5 34. Rf1 Rxf1 35. Nxf1 Bf4+ 36. Kh1 Qe4 37. Qe2 Qf5 38. e6 Qxh3+ 39. Kg1 Ne3 40. e7 Bh2+ 41. Rxh2 1-0

[Event "January 2 Late 2024"]
[Site "https://www.chess.com"]
[Date "2024.01.02"]
[Round "10"]
[White "Hua, Lefong"]
[Black "Rustemov, Alexander"]
[Result "0-1"]
[Board "26"]
[TimeControl "180+1"]
[WhiteFideId "2602253"]
[BlackFideId "4119002"]
[WhiteElo "2682"]
[BlackElo "2856"]
[WhiteTeam "CAN"]
[BlackTeam "RUS"]
[WhiteClock "0:00:08"]
[BlackClock "0:00:21"]

1. d4 d5 2. c4 c6 3. Nf3 Nf6 4. Nc3 a6 5. c5 Bf5 6. Bf4 e6 7. h3 h6 8. e3 Be7 9. Bd3 Bxd3 10. Qxd3 O-O 11. O-O Nbd7 12. b4 b6 13. a4 Qc8 14. Rab1 a5 15. Bd6 Bxd6 16. cxd6 axb4 17. Rxb4 Qb8 18. e4 dxe4 19. Nxe4 Nxe4 20. Qxe4 Qxd6 21. Rc4 Qd5 22. Qxd5 cxd5 23. Rc7 Nf6 24. Rb1 Rxa4 25. Rxb6 Ra1+ 26. Kh2 Ra2 27. Kg1 Ne4 28. Rbb7 Rxf2 29. Ne5 Rf5 30. Ng6 Re8 31. Ne7+ Rxe7 32. Rxe7 h5 33. h4 Rf4 34. Red7 Nc3 35. g3 Rf5 36. Kg2 Ne4 37. Ra7 Rf2+ 38. Kh3 Rf3 39. Kh2 g6 40. Ra8+ Kg7 41. Raa7 g5 42. hxg5 Kg6 43. Ra8 Nxg5 44. Rg8+ Kf6 45. Rh8 Rf5 46. Kg2 Nf3 47. Rh7 Kg6 48. Rh8 Nxd4 49. Rdd8 Kf6 50. Rh6+ Ke5 51. Rdh8 Ke4 52. Rxh5 Rxh5 53. Rxh5 f5 54. Kf2 Kd3 55. Rh8 e5 56. Rd8 Ke4 57. Rg8 Ne6 58. g4 fxg4 59. Rxg4+ Nf4 60. Rg8 d4 61. Rd8 Kd3 62. Re8 e4 63. Rf8 e3+ 64. Ke1 Ng2+ 65. Kf1 e2+ 0-1

[Event "January 2 Late 2024"]
[Site "https://www.chess.com"]
[Date "2024.01.02"]
[Round "10"]
[White "Niedbala, Bartlomiej"]
[Black "Remizov, Yaroslav"]
[Result "1-0"]
[Board "27"]
[TimeControl "180+1"]
[WhiteFideId "21834008"]
[BlackFideId "34134015"]
[WhiteElo "2659"]
[BlackElo "2839"]
[WhiteTeam "POL"]
[BlackTeam "RUS"]
[WhiteClock "0:00:31"]
[BlackClock "0:00:33"]

1. e4 c5 2. Nf3 Nc6 3. d4 cxd4 4. Nxd4 Nf6 5. Nc3 e6 6. Nxc6 bxc6 7. e5 Nd5 8. Ne4 Qc7 9. f4 Qb6 10. c4 Bb4+ 11. Ke2 f5 12. Nf2 Ba6 13. Kf3 Ne7 14. Be3 Bc5 15. Bxc5 Qxc5 16. Qd6 Qa5 17. h4 c5 18. Kg3 Kf7 19. Be2 Rhd8 20. Bh5+ g6 21. Bf3 Rab8 22. h5 Rg8 23. Nh3 h6 24. hxg6+ Nxg6 25. Qxd7+ Kf8 26. Kh2 Nh4 27. Qd6+ Kf7 28. Bh5+ Ng6 29. Bxg6+ Kxg6 30. Qxe6+ Kh7 31. Ng5+ Rxg5 32. fxg5 Qd2 33. g6+ Kh8 34. Qf6+ Kg8 35. Qf7+ Kh8 36. Qh7# 1-0

[Event "January 2 Late 2024"]
[Site "https://www.chess.com"]
[Date "2024.01.02"]
[Round "10"]
[White "Spata, German"]
[Black "Panchenko, Dmitry"]
[Result "0-1"]
[Board "28"]
[TimeControl "180+1"]
[WhiteFideId "113026"]
[BlackFideId "4169158"]
[WhiteElo "2657"]
[BlackElo "2821"]
[WhiteTeam "ARG"]
[BlackTeam "RUS"]
[WhiteClock "0:00:00"]
[BlackClock "0:02:36"]

1. d4 d5 2. Nf3 Nf6 3. Bf4 c5 4. c3 Nc6 5. e3 Qb6 6. Qb3 c4 7. Qc2 Bf5 8. Qc1 h6 9. h3 e6 10. Nbd2 Be7 11. Be2 O-O 12. O-O Rfc8 13. Bd1 Qd8 14. Bc2 b5 15. Ne5 Nxe5 16. Bxe5 Bd3 17. Bxf6 Bxf6 18. Bxd3 cxd3 19. Qb1 b4 20. Qxd3 bxc3 21. bxc3 e5 22. Rfc1 Rab8 23. dxe5 Bxe5 24. Nf3 Bf6 25. Nd4 Qa5 26. a4 g6 27. c4 Qa6 28. Rab1 dxc4 29. Rxb8 cxd3 30. Rbxc8+ Kg7 31. R8c3 d2 32. Rd1 Qxa4 0-1

[Event "January 2 Late 2024"]
[Site "https://www.chess.com"]
[Date "2024.01.02"]
[Round "10"]
[White "Janaszak, Dawid"]
[Black "Krzyzanowski, Marcin"]
[Result "0-1"]
[Board "29"]
[TimeControl "180+1"]
[WhiteFideId "1119206"]
[BlackFideId "1132199"]
[WhiteElo "2638"]
[BlackElo "2786"]
[WhiteTeam "POL"]
[BlackTeam "POL"]
[WhiteClock "0:00:05"]
[BlackClock "0:00:17"]

1. e4 c6 2. d4 d5 3. exd5 cxd5 4. Bd3 Nc6 5. c3 Qc7 6. Ne2 Bg4 7. O-O e6 8. Qe1 Nf6 9. f3 Bh5 10. Bg5 Bg6 11. Nc1 Bd6 12. Qh4 O-O-O 13. Na3 a6 14. b4 e5 15. Nc2 Kb8 16. Rb1 e4 17. fxe4 dxe4 18. Be2 e3 19. Nd3 Rhe8 20. b5 axb5 21. Rxb5 Re4 22. Qh3 h6 23. Bxf6 gxf6 24. Rfb1 Na5 25. Nc5 Bxc5 26. Rxc5 Qf4 27. Qf3 Qxf3 28. gxf3 Re7 29. Rxa5 Bxc2 30. Rb2 Rg8+ 31. Kf1 Bh7 32. d5 Bf5 33. Ke1 Rg1+ 34. Bf1 Bh3 0-1

[Event "January 2 Late 2024"]
[Site "https://www.chess.com"]
[Date "2024.01.02"]
[Round "10"]
[White "Yarar, Bora"]
[Black "Golubev, Mikhail"]
[Result "1-0"]
[Board "30"]
[TimeControl "180+1"]
[WhiteFideId "34588400"]
[BlackFideId "14100983"]
[WhiteElo "2776"]
[BlackElo "2635"]
[WhiteTeam "TUR"]
[BlackTeam "UKR"]
[WhiteClock "0:00:56"]
[BlackClock "0:00:08"]

1. e4 c5 2. c3 Nf6 3. e5 Nd5 4. Nf3 Nc6 5. d4 cxd4 6. cxd4 d6 7. Bc4 Nb6 8. Bb3 d5 9. Nh4 g6 10. Nc3 Bg7 11. O-O O-O 12. f4 f6 13. Be3 fxe5 14. fxe5 Be6 15. Rxf8+ Qxf8 16. Qe2 Bh6 17. Rf1 Qg7 18. Nf3 Rf8 19. h3 Bf4 20. Bxf4 Rxf4 21. Qe3 Qf8 22. Ne2 Re4 23. Qxe4 dxe4 24. Bxe6+ Kg7 25. Ng5 Qh8 26. Rf7+ Kh6 27. Rxh7+ Qxh7 28. Nxh7 Kxh7 29. Kf2 Nb4 30. Ke3 Nd3 31. b3 Nb4 32. Nc3 Kh6 33. Kxe4 Kg5 34. g3 a5 35. h4+ Kh6 36. d5 Kg7 37. g4 Na6 38. Kd4 Nc7 39. Kc5 Nxe6+ 40. dxe6 Nc8 41. Nd5 1-0

[Event "January 2 Late 2024"]
[Site "https://www.chess.com"]
[Date "2024.01.02"]
[Round "10"]
[White "Coca Cubillos, Jesus Alberto"]
[Black "Song, Ethan"]
[Result "0-1"]
[Board "31"]
[TimeControl "180+1"]
[WhiteFideId "4462912"]
[BlackFideId "62900412"]
[WhiteElo "2625"]
[BlackElo "2774"]
[WhiteTeam "COL"]
[BlackTeam "CAN"]
[WhiteClock "0:01:10"]
[BlackClock "0:01:46"]

1. f4 d5 2. Nf3 Nf6 3. e3 g6 4. d4 Bg7 5. Bd3 O-O 6. c3 b6 7. O-O c5 8. Nbd2 Bb7 9. Qe2 Ne4 10. Ne5 f6 11. Ng4 Nd7 12. Qf3 Nxd2 13. Bxd2 e5 14. fxe5 fxe5 15. Qh3 e4 16. Bb5 Nf6 17. Ne5 Qd6 18. Rf2 a6 19. Be2 Bc8 20. Qh4 Nd7 21. Rxf8+ Nxf8 22. Rf1 Bxe5 23. dxe5 Qxe5 24. c4 d4 25. exd4 Qxd4+ 26. Kh1 Qxd2 27. Qe7 Bf5 28. Bg4 Qd8 0-1

[Event "January 2 Late 2024"]
[Site "https://www.chess.com"]
[Date "2024.01.02"]
[Round "10"]
[White "Roberson, Peter T"]
[Black "Lie, Kjetil A."]
[Result "0-1"]
[Board "32"]
[TimeControl "180+1"]
[WhiteFideId "412384"]
[BlackFideId "1501984"]
[WhiteElo "2597"]
[BlackElo "2759"]
[WhiteTeam "ENG"]
[BlackTeam "NOR"]
[WhiteClock "0:01:00"]
[BlackClock "0:01:27"]

1. e4 c5 2. b3 b6 3. Bb2 Bb7 4. Nc3 Nc6 5. f4 e6 6. Nf3 d5 7. Bb5 d4 8. Ne2 Ne7 9. d3 a6 10. Bxc6+ Nxc6 11. g4 Be7 12. Ng3 Qc7 13. f5 Bd6 14. Rg1 O-O-O 15. Qe2 Bf4 16. Bc1 exf5 17. gxf5 Bxc1 18. Rxc1 g6 19. Kf2 h5 20. h4 Rde8 21. Kg2 gxf5 22. Nxf5 Qf4 23. Kh3 Qxf5+ 24. Kh2 Qf4+ 25. Kh3 Rhg8 26. Rg5 Qxc1 0-1

[Event "January 2 Late 2024"]
[Site "https://www.chess.com"]
[Date "2024.01.02"]
[Round "10"]
[White "Womacka, Mathias"]
[Black "Tristan, Leonardo"]
[Result "1-0"]
[Board "33"]
[TimeControl "180+1"]
[WhiteFideId "4611390"]
[BlackFideId "113816"]
[WhiteElo "2573"]
[BlackElo "2755"]
[WhiteTeam "GER"]
[BlackTeam "ARG"]
[WhiteClock "0:01:18"]
[BlackClock "0:00:22"]

1. e4 d5 2. exd5 Qxd5 3. Nc3 Qa5 4. d4 Nf6 5. Nf3 Bf5 6. Ne5 c6 7. Bf4 Nbd7 8. Nc4 Qd8 9. Ne3 Be6 10. Be2 Nb6 11. O-O g6 12. a4 a5 13. Qd2 Bg7 14. Rad1 O-O 15. Rfe1 Re8 16. Be5 Nbd7 17. Bg3 Nb6 18. Be5 Nbd7 19. Bg3 Bh6 20. Qd3 Nb6 21. Bf3 Nfd5 22. Nexd5 Bxd5 23. Nxd5 cxd5 24. Qb5 e6 25. Rd3 Bf8 26. Rb3 Ra6 27. Bc7 Qxc7 28. Qxe8 Qxc2 29. Rc3 Qxb2 30. Rc7 Kg7 31. Qxf7+ Kh6 32. Qxf8+ Kg5 33. h4+ Kxh4 34. Qh6# 1-0

[Event "January 2 Late 2024"]
[Site "https://www.chess.com"]
[Date "2024.01.02"]
[Round "10"]
[White "uzkuzk"]
[Black "Flores, Diego"]
[Result "0-1"]
[Board "34"]
[TimeControl "180+1"]
[BlackFideId "108049"]
[WhiteElo "2530"]
[BlackElo "2743"]
[BlackTeam "ARG"]
[WhiteClock "0:00:00"]
[BlackClock "0:00:20"]

1. e4 c5 2. Nf3 e6 3. d3 Nc6 4. Nbd2 d5 5. g3 Bd6 6. Bg2 Nge7 7. O-O O-O 8. Re1 Bc7 9. c3 b6 10. Qc2 Ba6 11. Nf1 d4 12. c4 e5 13. a4 Bc8 14. b3 f6 15. N3d2 g5 16. h3 Be6 17. Kh2 Qd7 18. Nf3 Ng6 19. Ng1 h5 20. f3 Kg7 21. Nd2 Bd6 22. Ne2 a6 23. Rf1 Rh8 24. Nb1 b5 25. Bd2 bxc4 26. bxc4 h4 27. g4 Rab8 28. Na3 Nb4 29. Bxb4 cxb4 30. Nb1 b3 31. Qb2 Rb4 32. Nd2 Rhb8 33. Nc1 Rxa4 34. Ndxb3 Rab4 35. Rxa6 Bf8 36. Qa2 Bf7 37. Ra7 R8b7 38. Ra8 Be7 39. c5 Bxb3 40. Nxb3 Rxb3 41. Rc1 Qb5 42. c6 Rc7 43. Re8 Bf8 44. Qa8 Rb2 45. Kh1 Rxg2 46. Ra1 Qb2 47. Rxf8 Rh2+ 0-1

[Event "January 2 Late 2024"]
[Site "https://www.chess.com"]
[Date "2024.01.02"]
[Round "10"]
[White "Bardyk, Artem"]
[Black "Ljukin, Sergei"]
[Result "1-0"]
[Board "35"]
[TimeControl "180+1"]
[WhiteFideId "34349979"]
[BlackFideId "14102200"]
[WhiteElo "2730"]
[BlackElo "2548"]
[WhiteTeam "RUS"]
[BlackTeam "UKR"]
[WhiteClock "0:01:21"]
[BlackClock "0:00:00"]

1. e4 e6 2. d4 d5 3. Nc3 Bb4 4. Ne2 Nc6 5. a3 Ba5 6. b4 Bb6 7. Bb2 Nge7 8. g3 e5 9. dxe5 d4 10. Na4 Nxe5 11. Bg2 Bg4 12. Nxb6 axb6 13. Qxd4 Qxd4 14. Nxd4 O-O-O 15. f3 Nc4 16. Bc3 Bd7 17. Kf2 f6 18. Rhd1 Nc6 19. Nxc6 Bxc6 20. Bh3+ Kb8 21. Rxd8+ Rxd8 22. Be6 Ne5 23. Bxe5 fxe5 24. Ke3 Ba4 25. Bb3 Bxb3 26. cxb3 c6 27. f4 exf4+ 28. gxf4 Kc7 29. Rg1 g6 30. f5 gxf5 31. exf5 Rd7 32. Ke4 Rd2 33. f6 1-0

[Event "January 2 Late 2024"]
[Site "https://www.chess.com"]
[Date "2024.01.02"]
[Round "10"]
[White "Adewumi, Tanitoluwa"]
[Black "Sztokbant, Bernardo Vainzoff"]
[Result "1-0"]
[Board "36"]
[TimeControl "180+1"]
[WhiteFideId "30966396"]
[BlackFideId "2115956"]
[WhiteElo "2726"]
[BlackElo "2505"]
[WhiteTeam "USA"]
[BlackTeam "BRA"]
[WhiteClock "0:00:05"]
[BlackClock "0:00:28"]

1. e4 c5 2. Nf3 Nc6 3. Bb5 e6 4. Bxc6 bxc6 5. b3 d6 6. e5 d5 7. d3 f6 8. exf6 Nxf6 9. Bf4 Bd6 10. Bxd6 Qxd6 11. O-O O-O 12. Qe2 Bd7 13. Qe5 Qe7 14. Nc3 Rae8 15. Rfe1 Qf7 16. h3 Qg6 17. Qd6 Bc8 18. Qxc5 Nh5 19. Ne5 Qg5 20. Qe3 Nf4 21. Qg3 Qf5 22. Ng4 Kh8 23. Re5 Qf7 24. Rae1 Ng6 25. Rh5 e5 26. Nxe5 Nxe5 27. Rhxe5 Rxe5 28. Rxe5 Qf6 29. Ne2 h6 30. a3 Qd6 31. Re8 Qxa3 32. Qe5 Kh7 33. Rxc8 Rxc8 34. Qf5+ Kh8 35. Qxc8+ Kh7 36. Qf5+ Kh8 37. Kh2 Qb2 38. Qf8+ Kh7 39. Qf5+ Kh8 40. Qc8+ Kh7 41. Qxc6 a5 42. Ng3 Qd4 43. c4 Qxf2 44. Qxd5 Qa2 45. c5 a4 46. Qe4+ Kh8 47. bxa4 Qc2 48. c6 h5 49. Qc4 Qf2 50. c7 1-0

[Event "January 2 Late 2024"]
[Site "https://www.chess.com"]
[Date "2024.01.02"]
[Round "10"]
[White "Sevgi, Volkan"]
[Black "Gurevich, Dmitry"]
[Result "1-0"]
[Board "37"]
[TimeControl "180+1"]
[WhiteFideId "6325335"]
[BlackFideId "2000407"]
[WhiteElo "2693"]
[BlackElo "2461"]
[WhiteTeam "TUR"]
[BlackTeam "USA"]
[WhiteClock "0:01:03"]
[BlackClock "0:00:35"]

1. e4 c5 2. Nc3 g6 3. f4 Bg7 4. Nf3 Nc6 5. a3 d6 6. Bc4 Nf6 7. d3 O-O 8. O-O e6 9. Ba2 d5 10. Qe2 Nd4 11. Nxd4 cxd4 12. Nd1 dxe4 13. dxe4 b6 14. Bc4 Bb7 15. Nf2 Rc8 16. Bd3 Re8 17. g4 e5 18. f5 gxf5 19. gxf5 Kh8 20. Kh1 Rg8 21. Rg1 Qd7 22. Qf3 b5 23. Bg5 a5 24. Bh4 Bc6 25. Rxg7 Kxg7 26. Rg1+ Kf8 27. Bxf6 Rxg1+ 28. Kxg1 Qd6 29. Ng4 b4 30. Bxe5 Qc5 31. Qf2 b3 32. Bxd4 Qd6 33. Bc5 1-0

[Event "January 2 Late 2024"]
[Site "https://www.chess.com"]
[Date "2024.01.02"]
[Round "10"]
[White "Ambartsumova, Karina"]
[Black "Bachmann, Axel"]
[Result "0-1"]
[Board "38"]
[TimeControl "180+1"]
[WhiteFideId "4166299"]
[BlackFideId "3700488"]
[WhiteElo "2620"]
[BlackElo "2809"]
[WhiteTeam "RUS"]
[BlackTeam "PAR"]
[WhiteClock "0:00:06"]
[BlackClock "0:00:43"]

1. d4 Nf6 2. c4 c5 3. d5 e6 4. Nc3 exd5 5. cxd5 d6 6. Nf3 g6 7. e4 Bg7 8. Be2 O-O 9. O-O Bg4 10. Bf4 Bxf3 11. Bxf3 a6 12. a4 Qe7 13. Qb3 Nbd7 14. a5 Rab8 15. Rfe1 b5 16. axb6 Rxb6 17. Qc2 Ne5 18. Be2 Rfb8 19. Ra2 Qb7 20. Bxe5 dxe5 21. Na4 Rb4 22. Nxc5 Qc7 23. Rc1 R8b6 24. Nxa6 Qxc2 25. Rxc2 Rxe4 26. Nc7 Bf8 27. Ra8 Kg7 28. f3 Rd4 29. Bc4 e4 30. Ne8+ Nxe8 31. Rxe8 Bc5 32. Kf1 Rf6 33. Be2 Bd6 34. h3 Bg3 35. Rc4 Rd2 36. Rexe4 Rxb2 37. Rc1 Rd6 38. Rg4 Be5 39. Re4 Rxd5 40. Bc4 Rc5 41. Re2 Rb4 42. Rcc2 Bg3 43. Re4 f5 44. Rd4 Kf6 45. Ke2 Be5 46. Kd3 Bxd4 47. Kxd4 Rc7 48. f4 h6 49. g3 g5 50. Kd3 Ra4 51. Kd4 h5 52. fxg5+ Kxg5 53. Kd5 h4 54. gxh4+ Kxh4 55. Kd4 f4 56. Rc3 Raxc4+ 57. Rxc4 Rxc4+ 58. Kxc4 f3 59. Kd3 Kxh3 60. Ke3 Kg2 0-1

[Event "January 2 Late 2024"]
[Site "https://www.chess.com"]
[Date "2024.01.02"]
[Round "10"]
[White "Klukin, Kirill"]
[Black "Gubajdullin, Alexei"]
[Result "1-0"]
[Board "39"]
[TimeControl "180+1"]
[WhiteFideId "24199273"]
[BlackFideId "4141202"]
[WhiteElo "2807"]
[BlackElo "2613"]
[WhiteTeam "RUS"]
[BlackTeam "RUS"]
[WhiteClock "0:00:04"]
[BlackClock "0:00:00"]

1. d4 Nf6 2. c4 g6 3. Nc3 Bg7 4. Nf3 d6 5. e3 O-O 6. Be2 Nbd7 7. O-O e5 8. Qc2 e4 9. Nd2 c5 10. Ndxe4 Nxe4 11. Nxe4 cxd4 12. exd4 Bxd4 13. Bh6 Re8 14. Nxd6 Re6 15. Nxc8 Qh4 16. Qd2 Rxc8 17. Bf3 Ne5 18. Bd5 Nxc4 19. Qf4 Qxf4 20. Bxf4 Rf6 21. Bg3 Nxb2 22. Bxb7 Rd8 23. Bh4 Rb6 24. Bxd8 Rxb7 25. Rab1 Rd7 26. Bg5 Kg7 27. Rfe1 a5 28. Be3 Bf6 29. Re2 Na4 30. Rc2 Nc3 31. Rbc1 a4 32. g3 Nd5 33. Rd2 a3 34. Rcd1 Nxe3 35. Rxd7 Nxd1 36. Rxd1 h5 37. h4 Bb2 38. Rd6 Kf8 39. Kf1 Ke7 40. Rb6 Kf8 41. Ke2 Kg7 42. f3 Bd4 43. Rb5 Bb2 44. g4 hxg4 45. fxg4 Bf6 46. Ra5 Bb2 47. Kf3 Bc1 48. Ra6 Bb2 49. Ke4 Bc1 50. h5 Bb2 51. hxg6 fxg6 52. g5 Bc1 53. Ra7+ Kg8 54. Ke5 Bb2+ 55. Ke6 Kf8 56. Rb7 Kg8 57. Rb6 Kf8 58. Rb3 Kg8 59. Rf3 Kg7 60. Ke7 Kg8 61. Ke8 Bc1 62. Kd7 Bb2 63. Ke6 Kg7 64. Kd5 Kg8 65. Kc4 Kg7 66. Kb4 Bc1 67. Rxa3 1-0

[Event "January 2 Late 2024"]
[Site "https://www.chess.com"]
[Date "2024.01.02"]
[Round "10"]
[White "Zavgorodniy, Sergiy"]
[Black "Durarbayli, Vasif"]
[Result "1-0"]
[Board "40"]
[TimeControl "180+1"]
[WhiteFideId "14110148"]
[BlackFideId "13402935"]
[WhiteElo "2605"]
[BlackElo "2798"]
[WhiteTeam "UKR"]
[BlackTeam "AZE"]
[WhiteClock "0:00:03"]
[BlackClock "0:00:01"]

1. d4 d5 2. c4 c6 3. e3 Nf6 4. Bd3 Bg4 5. Qc2 e6 6. Nd2 Be7 7. Ngf3 Nbd7 8. O-O O-O 9. b3 c5 10. Bb2 cxd4 11. exd4 Qc7 12. c5 a5 13. a3 h6 14. b4 Nh5 15. Rfc1 Nf4 16. Bf1 Bf6 17. b5 Rfc8 18. a4 e5 19. Nxe5 Nxe5 20. dxe5 Bxe5 21. Bxe5 Qxe5 22. Re1 Qg5 23. Kh1 d4 24. Qe4 Rxc5 25. Qxb7 Rcc8 26. Ne4 Qg6 27. f3 Be6 28. Rad1 Bd5 29. Qd7 d3 30. g3 Rd8 31. Qc7 Ne6 32. Qe5 f6 33. Qb2 Ng5 34. Nxg5 hxg5 35. Rxd3 g4 36. Rxd5 Rxd5 37. Bc4 Rd8 38. Qb3 Qf7 39. b6 gxf3 40. b7 f2 41. Rf1 Kh7 42. b8=Q Rxb8 43. Qxb8 Qd7 44. Qf4 Rf5 45. Qe4 g6 46. Kg2 Qd2 47. Bd3 Rg5 48. Qe7+ Kh6 49. Qe4 f5 50. Qd4 Rh5 51. Qh8+ Kg5 52. Qd8+ Kh6 53. h4 f4 54. Rxf2 f3+ 55. Kxf3 Qc3 56. Qd6 Qg7 57. Kg2 Kh7 58. Qf4 Re5 59. Qg4 Re3 60. h5 Rxd3 61. hxg6+ Qxg6 62. Qxg6+ Kxg6 63. Rf4 Rb3 64. Kh3 Rb4 65. Kg4 Rb3 66. Re4 Rb4 67. Kf4 Rb3 68. g4 Rb4 69. Rxb4 axb4 70. Ke4 Kg5 71. a5 b3 72. Kd3 Kxg4 73. a6 Kf5 74. a7 1-0

[Event "January 2 Late 2024"]
[Site "https://www.chess.com"]
[Date "2024.01.02"]
[Round "10"]
[White "Zomorrodian, Eilia"]
[Black "Seemann, Jakub"]
[Result "0-1"]
[Board "41"]
[TimeControl "180+1"]
[WhiteFideId "12551805"]
[BlackFideId "21874697"]
[WhiteElo "2600"]
[BlackElo "2792"]
[WhiteTeam "CAN"]
[BlackTeam "POL"]
[WhiteClock "0:00:58"]
[BlackClock "0:02:07"]

1. e4 d5 2. exd5 Qxd5 3. Nc3 Qd8 4. Nf3 Nf6 5. d4 g6 6. Bc4 Bg7 7. h3 O-O 8. O-O a6 9. a4 b6 10. Bg5 Bb7 11. Qe2 Nc6 12. Rad1 Nb4 13. Rfe1 e6 14. Ne5 Nbd5 15. Nxd5 exd5 16. Qf3 Qd6 17. Bf4 dxc4 18. Qxb7 Nd5 19. Bg3 Rfb8 20. Qc6 Qxc6 21. Nxc6 Re8 22. Be5 f6 23. Bg3 Kf7 24. c3 Re6 25. Nb4 Nxb4 26. cxb4 Rxe1+ 27. Rxe1 c6 28. Bd6 Re8 29. Rxe8 Kxe8 30. b5 cxb5 31. axb5 axb5 32. Bc7 Kd7 33. Bxb6 Kc6 34. Bc5 Kd5 35. Kf1 f5 36. Ke2 Bxd4 37. Ba3 Bc5 0-1

[Event "January 2 Late 2024"]
[Site "https://www.chess.com"]
[Date "2024.01.02"]
[Round "10"]
[White "Luo, Terry"]
[Black "Msellek, Ilyass"]
[Result "0-1"]
[Board "42"]
[TimeControl "180+1"]
[WhiteFideId "30931045"]
[BlackFideId "675938"]
[WhiteElo "2622"]
[BlackElo "2745"]
[WhiteTeam "USA"]
[BlackTeam "MAR"]
[WhiteClock "0:00:06"]
[BlackClock "0:00:13"]

1. d4 Nf6 2. Nc3 d5 3. Bf4 c6 4. e3 Bf5 5. Bd3 Bxd3 6. cxd3 e6 7. Nf3 Nbd7 8. O-O Be7 9. Re1 O-O 10. e4 a5 11. Rc1 Nb6 12. Qe2 a4 13. a3 Ne8 14. h3 Bd6 15. Bg5 Be7 16. Bf4 Nd6 17. Ne5 Nb5 18. Nxb5 cxb5 19. Nxf7 Rxf7 20. Bc7 Qf8 21. Bxb6 b4 22. Bc5 Bxc5 23. Rxc5 bxa3 24. bxa3 dxe4 25. dxe4 Rd8 26. Qe3 h6 27. Rec1 Kh7 28. Rc7 b5 29. R7c6 b4 30. Rxe6 b3 31. Rc5 Rb8 32. Rc1 Qxa3 33. e5 Qa2 34. Rec6 b2 35. Qe4+ Kh8 36. Rc8+ Rf8 37. Rxf8+ Rxf8 38. Rb1 Rc8 39. Re1 Rc1 40. Qa8+ Qg8 0-1

[Event "January 2 Late 2024"]
[Site "https://www.chess.com"]
[Date "2024.01.02"]
[Round "10"]
[White "Rastbod, Ali"]
[Black "Rama, Tejas"]
[Result "1-0"]
[Board "43"]
[TimeControl "180+1"]
[WhiteFideId "12567477"]
[BlackFideId "30907381"]
[WhiteElo "2734"]
[BlackElo "2572"]
[WhiteTeam "IRI"]
[BlackTeam "USA"]
[WhiteClock "0:01:03"]
[BlackClock "0:00:07"]

1. d4 Nf6 2. Bg5 d5 3. e3 c5 4. Bxf6 gxf6 5. dxc5 Nc6 6. c3 a5 7. Bb5 e5 8. b4 Bd7 9. Bxc6 Bxc6 10. Nf3 Bb5 11. a4 Bc4 12. Na3 b6 13. Nxc4 dxc4 14. Qxd8+ Rxd8 15. Ke2 axb4 16. cxb4 bxc5 17. b5 c3 18. Rhc1 e4 19. Ne1 Bd6 20. a5 Ke7 21. b6 Be5 22. Ra2 Rd6 23. f4 exf3+ 24. Nxf3 Ra8 25. Nxe5 fxe5 26. b7 Rb8 27. a6 1-0

[Event "January 2 Late 2024"]
[Site "https://www.chess.com"]
[Date "2024.01.02"]
[Round "10"]
[White "Asish Panda"]
[Black "Rosen, Eric"]
[Result "1-0"]
[Board "44"]
[TimeControl "180+1"]
[WhiteFideId "45012458"]
[BlackFideId "2032562"]
[WhiteElo "2566"]
[BlackElo "2698"]
[WhiteTeam "IND"]
[BlackTeam "USA"]
[WhiteClock "0:00:04"]
[BlackClock "0:00:02"]

1. e4 e5 2. Nf3 Nf6 3. Nxe5 Nc6 4. d4 Nxe5 5. dxe5 Nxe4 6. Bd3 Nc5 7. O-O Nxd3 8. cxd3 Be7 9. d4 O-O 10. Nc3 d6 11. Qf3 c6 12. Bf4 dxe5 13. dxe5 Be6 14. Ne4 Qb6 15. Qg3 Bf5 16. Nd6 Bg6 17. h4 h5 18. b3 Rad8 19. Be3 Qc7 20. Rad1 Rd7 21. f4 Rxd6 22. exd6 Bxd6 23. Qg5 Re8 24. Bd4 Be7 25. Qg3 Bf8 26. Be5 Qb6+ 27. Bd4 Qb5 28. Rde1 Rd8 29. Be5 Bf5 30. Qg5 Qb6+ 31. Kh1 Be6 32. f5 Bd5 33. Bxg7 f6 34. Bxf6+ Kf7 35. Qg6# 1-0